 Dungeon Crawl Stone Soup version 0.29.1-12-g30fa7ad0bf (webtiles) character file.

Game seed: 1099552845140953343

6111 xzight the Blocker (level 10, -7/82 HPs)
             Began as a Gnoll Fighter on Dec 29, 2022.
             Was a High Priest of Cheibriados.
             Mangled by a komodo dragon (10 damage)
             ... on level 12 of the Dungeon.
             The game lasted 00:22:18 (10429 turns).

xzight the Blocker (Gnoll Fighter)                 Turns: 10429, Time: 00:22:18

Health: -7/82      AC: 18    Str: 33    XL:     10   Next: 89%
Magic:  0/18       EV: 12    Int: 25    God:    Cheibriados [*****.]
Gold:   489        SH:  7    Dex: 23    Spells: 20/20 levels left

rFire   . . .      SeeInvis .   a - +3 trident
rCold   . . .      Faith    .   c - +0 buckler
rNeg    . . .      Spirit   +   E - +0 plate armour
rPois   .          Reflect  .   J - +0 helmet
rElec   .          Harm     .   (no cloak)
rCorr   .          Rampage  .   (no gloves)
Will    .....                   G - +2 pair of boots
Stlth   ..........              e - amulet of guardian spirit
HPRegen 0.23/turn               S - +6 ring of strength
MPRegen 0.16/turn               Y - +4 ring of slaying

@: very slow
A: fangs 1, strong nose, distributed training
a: Renounce Religion, Bend Time, Temporal Distortion, Slouch, Step From Time


You were on level 12 of the Dungeon.
You worshipped Cheibriados.
Cheibriados was extremely pleased with you.
You visited 2 branches of the dungeon, and saw 11 of its levels.

You collected 489 gold pieces.


Innate Abilities, Weirdness & Mutations

You have very sharp teeth.
Your uncanny sense of smell can sniff out nearby items.
Your experience applies equally to all skills.


   Skills:
 + Level 8.9 Fighting
 + Level 5.9 Short Blades
 + Level 5.9 Long Blades
 + Level 5.9 Axes
 + Level 5.9 Maces & Flails
 + Level 7.5 Polearms
 + Level 5.9 Staves
 + Level 5.9 Ranged Weapons
 + Level 5.9 Throwing
 + Level 8.9 Armour
 + Level 5.9 Dodging
 + Level 5.9 Stealth
 + Level 8.9 Shields
 + Level 5.9 Unarmed Combat
 + Level 5.9 Spellcasting
 + Level 4.9 Conjurations
 + Level 4.9 Hexes
 + Level 4.9 Summonings
 + Level 4.9 Necromancy
 + Level 4.9 Translocations
 + Level 4.9 Transmutations
 + Level 4.9 Fire Magic
 + Level 4.9 Ice Magic
 + Level 4.9 Air Magic
 + Level 4.9 Earth Magic
 + Level 4.9 Poison Magic
 + Level 6.5 Invocations
 + Level 5.9 Evocations


You had 20 spell levels left.
You didn't know any spells.
Your spell library contained the following spells:

 Spells                   Type           Power      Damage    Failure   Level
 Summon Guardian Golem    Hex/Summ       32%        N/A       24%         3
 Corpse Rot               Necr/Pois/Air  32%        N/A       61%         4
 Dispel Undead            Necr           32%        3d14      61%         4
 Summon Forest            Summ/Tloc      16%        N/A       91%         5
 Summon Mana Viper        Hex/Summ       32%        N/A       91%         5
 Death Channel            Necr           16%        N/A       100%        6
 Summon Cactus Giant      Summ           16%        N/A       100%        6
 Orb of Destruction       Conj           16%        9d7       100%        7
 Spellforged Servitor     Conj/Summ      16%        N/A       100%        7

Inventory:

Hand Weapons
 a - a +3 trident (weapon)
 b - a +0 sling
Missiles
 p - 2 boomerangs (quivered)
 H - a throwing net {=f}
Armour
 c - a +0 buckler (worn)
 E - a +0 plate armour (worn)
 G - a +2 pair of boots (worn)
 J - a +0 helmet (worn)
Jewellery
 e - an amulet of guardian spirit (around neck)
 v - an amulet of regeneration
 F - a ring of protection from fire
 S - a +6 ring of strength (left hand)
 Y - a +4 ring of slaying (right hand)
Wands
 q - a wand of paralysis (8)
 y - a wand of flame (8)
 D - a wand of iceblast (6)
Scrolls
 g - a scroll of noise {unknown}
 j - 2 scrolls of magic mapping {unknown}
 k - a scroll of acquirement {unknown}
 l - 6 scrolls of identify {@r1}
 n - 2 scrolls of teleportation {@r2}
 r - a scroll of blinking {unknown}
 s - a scroll of fear {unknown}
 t - a scroll of summoning {unknown}
 u - 2 scrolls of immolation {unknown}
 B - a scroll of butterflies {unknown}
 C - a scroll of enchant armour {unknown}
 I - a scroll of torment {unknown}
Potions
 d - 2 potions of might
 h - 4 potions of haste {@q3}
 i - 5 potions of degeneration
 m - a potion of brilliance {unknown}
 o - a potion of invisibility {unknown}
 w - a potion of berserk rage {unknown}
 x - a potion of mutation {unknown}
 z - a potion of magic {unknown}
 A - 2 potions of curing {unknown}

Dungeon Overview and Level Annotations

Branches:
Dungeon (9/15)             Temple (1/1) D:4            Lair (0/5) D:9
    Orc: D:9-12

Altars:
Ashenzari
Cheibriados
Dithmenos
Elyvilon
Fedhas
Gozag
Hepliaklqana
Kikubaaqudgha
Makhleb
Nemelex Xobeh
Okawaru
Qazlal
Ru
Sif Muna
Trog
Uskayaw
Vehumet
Wu Jian
Xom
Yredelemnul
Zin
The Shining One
Jiyva

Shops:
D:1 [

Annotations:
D:8 3 runed translucent doors, serion's ghost, amateur DrBe
D:9 1 transporter

...~~≈≈≈.........
...~≈~≈~.........
.................
.................
...............
............▓
...........▓
..........▓▓
▓../...)@..▓
▓▓.......l..▓
▓▓......{......
▓......{.......
▓...............
................∆
▒.....###.......
▒..... .......


You could see a komodo dragon.


Message History

a +0 flail; a +0 scale mail; an orc corpse You swing at nothing.
You block something's attack.
You swing at nothing.
Something hits you!
* * * LOW HITPOINT WARNING * * *
You swing at nothing.
Something hits you but does no damage.
You swing at nothing.
Something hits you but does no damage. x2
A komodo dragon comes into view.
You swing at nothing.
The komodo dragon hisses angrily.
Something hits you but does no damage.
You swing at nothing.
Something hits you but does no damage.
You closely miss something. Something hits you but does no damage.
Something hits you.
* * * LOW HITPOINT WARNING * * *
You swing at nothing.
Something hits you but does no damage.
You swing at nothing.
Something hits you.
* * * LOW HITPOINT WARNING * * *
You swing at nothing.
Something hits you but does no damage.
You hit the komodo dragon but do no damage.
Something hits you.
* * * LOW HITPOINT WARNING * * *
The komodo dragon bites you!
* * * LOW HITPOINT WARNING * * *
You puncture the komodo dragon!
The komodo dragon is moderately wounded.
Something hits you but does no damage. The komodo dragon bites you!
* * * LOW HITPOINT WARNING * * *
You closely miss something. You bite something.
Something hits you but does no damage. The komodo dragon bites you!
You die...

Skill      XL: |  1  2  3  4  5  6  7  8  9 10 |
---------------+-------------------------------+-----
Invocations    | 1 2 3 4 5 6 |  6.5
Short Blades   | 1 2 3 5 |  5.9
Long Blades    | 1 2 3 5 |  5.9
Axes           | 1 2 3 5 |  5.9
Maces & Flails | 1 2 3 5 |  5.9
Staves         | 1 2 3 5 |  5.9
Ranged Weapons | 1 2 3 5 |  5.9
Throwing       | 1 2 3 5 |  5.9
Dodging        | 1 2 3 5 |  5.9
Stealth        | 1 2 3 5 |  5.9
Unarmed Combat | 1 2 3 5 |  5.9
Spellcasting   | 1 2 3 5 |  5.9
Evocations     | 1 2 3 5 |  5.9
Conjurations   | 1 2 3 4 |  4.9
Hexes          | 1 2 3 4 |  4.9
Summonings     | 1 2 3 4 |  4.9
Necromancy     | 1 2 3 4 |  4.9
Translocations | 1 2 3 4 |  4.9
Transmutations | 1 2 3 4 |  4.9
Fire Magic     | 1 2 3 4 |  4.9
Ice Magic      | 1 2 3 4 |  4.9
Air Magic      | 1 2 3 4 |  4.9
Earth Magic    | 1 2 3 4 |  4.9
Poison Magic   | 1 2 3 4 |  4.9
Polearms       | 5 6 7 |  7.5
Fighting       | 7 8 |  8.9
Armour         | 7 8 |  8.9
Shields        | 7 8 |  8.9

Action                   |  1- 3 |  4- 6 |  7- 9 | 10-12 || total
-------------------------+-------+-------+-------+-------++-------
Melee: Trident           |   113 |   256 |   324 |   156 ||   849
       Bite              |     6 |    27 |    32 |    16 ||    81
Throw: Boomerang         |     4 |    11 |    28 |     3 ||    46
Evoke: Wand              |       |       |    18 |     8 ||    26
  Use: Scroll            |       |       |     4 |       ||     4
       Potion            |       |       |     1 |     2 ||     3
 Stab: Paralysed         |       |       |    14 |       ||    14
Armor: Scale mail        |    38 |       |       |       ||    38
       Chain mail        |       |   115 |    65 |       ||   180
       Plate armour      |       |       |    69 |    63 ||   132
Dodge: Dodged            |    32 |    68 |   103 |    47 ||   250
Block: Buckler           |    26 |    48 |    86 |    46 ||   206

Levels and vault maps discovered:
D:1:      psy_arrival_fountain, layout_loops_cross, serial_shops,
          nicolae_shop_trees
D:2:      layout_loops_cross, dreamdust_ecumenical_altar_drowned_temple
D:3:      layout_rooms, pdpol_wu_jian_five_deadly_venoms,
          lightli_sewer_entry_pipes
D:4:      wander_river, layout_rooms, temple_fountains, uniq_robin, uniq_natasha
D:5:      layout_loops_ring, grunt_temple_overflow_open, grunt_decor_fettered,
          serial_park_tiny_2, uniq_sigmund
D:6:      layout_rooms, nicolae_hexahallways
D:7:      layout_cave_pools, grunt_ashenzari_visionary
          [grunt_ashenzari_visionary_shoals, grunt_ashenzari_visionary_spider]
D:8:      layout_cave_pools, trog_hazing_becter, gammafunk_ghost_ooze
D:9:      layout_basic, dpeg_oklobed_lair, palyth_stone_intersect,
          grunt_ministairs_2, nicolae_diode_stairs
D:12:     layout_big_octagon, minmay_orc_entry_temple_small, serial_shops,
          nicolae_shop_trees
Temple:   lightli_temple_of_artemis

Notes
Turn   | Place    | Note
-------+----------+-------------------------------------------
     0 | D:1      | xzight the Gnoll Fighter began the quest for the Orb.
     0 | D:1      | Reached XP level 1. HP: 23/23 MP: 1/1
   245 | D:1      | Found Kehoham's Antique Armour Boutique.
   634 | D:1      | Reached XP level 2. HP: 29/29 MP: 2/2
   866 | D:2      | Found a faded altar of an unknown god.
  1227 | D:2      | Reached XP level 3. HP: 12/35 MP: 2/4
  1234 | D:2      | HP: 3/35 [poisoned by an adder]
  1589 | D:2      | Reached skill level 1 in Invocations
  1681 | D:2      | Reached skill level 1 in Short Blades
  1681 | D:2      | Reached skill level 1 in Long Blades
  1681 | D:2      | Reached skill level 1 in Axes
  1681 | D:2      | Reached skill level 1 in Maces & Flails
  1681 | D:2      | Reached skill level 1 in Staves
  1681 | D:2      | Reached skill level 1 in Ranged Weapons
  1681 | D:2      | Reached skill level 1 in Throwing
  1681 | D:2      | Reached skill level 1 in Dodging
  1681 | D:2      | Reached skill level 1 in Stealth
  1681 | D:2      | Reached skill level 1 in Unarmed Combat
  1681 | D:2      | Reached skill level 1 in Spellcasting
  1681 | D:2      | Reached skill level 1 in Evocations
  2157 | D:3      | Reached XP level 4. HP: 41/41 MP: 5/5
  2166 | D:3      | Reached skill level 1 in Conjurations
  2166 | D:3      | Reached skill level 1 in Hexes
  2166 | D:3      | Reached skill level 1 in Summonings
  2166 | D:3      | Reached skill level 1 in Necromancy
  2166 | D:3      | Reached skill level 1 in Translocations
  2166 | D:3      | Reached skill level 1 in Transmutations
  2166 | D:3      | Reached skill level 1 in Fire Magic
  2166 | D:3      | Reached skill level 1 in Ice Magic
  2166 | D:3      | Reached skill level 1 in Air Magic
  2166 | D:3      | Reached skill level 1 in Earth Magic
  2166 | D:3      | Reached skill level 1 in Poison Magic
  2455 | D:3      | Reached XP level 5. HP: 18/47 MP: 5/7
  2734 | D:3      | Found a glowing drain.
  3238 | D:3      | Found an ornate altar of the Wu Jian Council.
  3340 | D:4      | Noticed Natasha
  3340 | D:4      | Noticed a phantom
  3348 | D:3      | Killed Natasha
  3429 | D:3      | Noticed Natasha
  3437 | D:3      | Killed Natasha
  3710 | D:3      | Found an ornate altar of the Wu Jian Council.
  3827 | D:3      | Noticed Natasha
  3832 | D:3      | Killed Natasha
  3833 | D:3      | Reached skill level 2 in Invocations
  3833 | D:3      | Reached XP level 6. HP: 53/53 MP: 8/8
  3918 | D:4      | Found a staircase to the Ecumenical Temple.
  3963 | D:4      | Noticed Robin
  4150 | D:3      | Reached skill level 2 in Short Blades
  4150 | D:3      | Reached skill level 2 in Long Blades
  4150 | D:3      | Reached skill level 2 in Axes
  4150 | D:3      | Reached skill level 2 in Maces & Flails
  4150 | D:3      | Reached skill level 5 in Polearms
  4150 | D:3      | Reached skill level 2 in Staves
  4150 | D:3      | Reached skill level 2 in Ranged Weapons
  4150 | D:3      | Reached skill level 2 in Throwing
  4150 | D:3      | Reached skill level 2 in Dodging
  4150 | D:3      | Reached skill level 2 in Stealth
  4150 | D:3      | Reached skill level 2 in Unarmed Combat
  4150 | D:3      | Reached skill level 2 in Spellcasting
  4150 | D:3      | Reached skill level 2 in Evocations
  4263 | D:4      | Killed Robin
  4311 | Temple   | Entered the Ecumenical Temple
  4401 | Temple   | Became a worshipper of Cheibriados the Contemplative
  4594 | D:4      | Reached skill level 7 in Fighting
  4594 | D:4      | Reached skill level 7 in Armour
  4594 | D:4      | Reached skill level 7 in Shields
  4594 | D:4      | Reached XP level 7. HP: 55/60 MP: 7/10
  4818 | D:4      | Reached skill level 2 in Conjurations
  4818 | D:4      | Reached skill level 2 in Hexes
  4818 | D:4      | Reached skill level 2 in Summonings
  4818 | D:4      | Reached skill level 2 in Necromancy
  4818 | D:4      | Reached skill level 2 in Translocations
  4818 | D:4      | Reached skill level 2 in Transmutations
  4818 | D:4      | Reached skill level 2 in Fire Magic
  4818 | D:4      | Reached skill level 2 in Ice Magic
  4818 | D:4      | Reached skill level 2 in Air Magic
  4818 | D:4      | Reached skill level 2 in Earth Magic
  4818 | D:4      | Reached skill level 2 in Poison Magic
  5023 | D:5      | Entered Level 5 of the Dungeon
  5073 | D:5      | Found a sacrificial altar of Ru.
  5109 | D:5      | Reached skill level 3 in Invocations
  5168 | D:5      | Reached * piety under Cheibriados
  5291 | D:5      | Reached skill level 3 in Short Blades
  5291 | D:5      | Reached skill level 3 in Long Blades
  5291 | D:5      | Reached skill level 3 in Axes
  5291 | D:5      | Reached skill level 3 in Maces & Flails
  5291 | D:5      | Reached skill level 3 in Staves
  5291 | D:5      | Reached skill level 3 in Ranged Weapons
  5291 | D:5      | Reached skill level 3 in Throwing
  5291 | D:5      | Reached skill level 3 in Dodging
  5291 | D:5      | Reached skill level 3 in Stealth
  5291 | D:5      | Reached skill level 3 in Unarmed Combat
  5291 | D:5      | Reached skill level 3 in Spellcasting
  5291 | D:5      | Reached skill level 3 in Evocations
  5316 | D:5      | Reached XP level 8. HP: 67/67 MP: 12/12
  5348 | D:5      | Noticed Sigmund
  5620 | D:5      | Found a shimmering altar of Xom.
  5620 | D:5      | Found a white marble altar of Elyvilon.
  5638 | D:5      | Killed Sigmund
  6605 | D:6      | Reached skill level 3 in Conjurations
  6605 | D:6      | Reached skill level 3 in Hexes
  6605 | D:6      | Reached skill level 3 in Summonings
  6605 | D:6      | Reached skill level 3 in Necromancy
  6605 | D:6      | Reached skill level 3 in Translocations
  6605 | D:6      | Reached skill level 3 in Transmutations
  6605 | D:6      | Reached skill level 3 in Fire Magic
  6605 | D:6      | Reached skill level 3 in Ice Magic
  6605 | D:6      | Reached skill level 3 in Air Magic
  6605 | D:6      | Reached skill level 3 in Earth Magic
  6605 | D:6      | Reached skill level 3 in Poison Magic
  6605 | D:6      | Reached skill level 4 in Invocations
  6614 | D:6      | Reached ** piety under Cheibriados
  6756 | D:6      | Reached skill level 6 in Polearms
  7060 | D:6      | Reached XP level 9. HP: 42/73 MP: 11/14
  7238 | D:6      | Reached skill level 4 in Short Blades
  7238 | D:6      | Reached skill level 4 in Long Blades
  7238 | D:6      | Reached skill level 4 in Axes
  7238 | D:6      | Reached skill level 4 in Maces & Flails
  7238 | D:6      | Reached skill level 4 in Staves
  7238 | D:6      | Reached skill level 4 in Ranged Weapons
  7238 | D:6      | Reached skill level 4 in Throwing
  7238 | D:6      | Reached skill level 4 in Dodging
  7238 | D:6      | Reached skill level 4 in Stealth
  7238 | D:6      | Reached skill level 4 in Unarmed Combat
  7238 | D:6      | Reached skill level 4 in Spellcasting
  7238 | D:6      | Reached skill level 4 in Evocations
  7672 | D:7      | Reached skill level 8 in Fighting
  7672 | D:7      | Reached skill level 8 in Armour
  7672 | D:7      | Reached skill level 8 in Shields
  7932 | D:7      | Found a broken altar of Ashenzari.
  7936 | D:7      | Saw a vision of the Shoals and the Spider Nest.
  7936 | D:7      | Noticed a boulder beetle
  7936 | D:7      | Noticed a tarantella
  7936 | D:7      | Noticed an emperor scorpion
  7936 | D:7      | Noticed a torpor snail
  7936 | D:7      | Noticed a sea snake
  7936 | D:7      | Noticed a manticore
  7936 | D:7      | Noticed a merfolk javelineer
  7936 | D:7      | Noticed a merfolk avatar
  7936 | D:7      | Noticed a moth of wrath
  7937 | D:7      | Noticed a manticore
  7938 | D:7      | Noticed a moth of wrath
  7939 | D:7      | Noticed a torpor snail
  7939 | D:7      | Noticed a jorogumo
  7943 | D:7      | Noticed a boulder beetle
  7964 | D:7      | Reached *** piety under Cheibriados
  7970 | D:7      | Reached skill level 5 in Invocations
  8818 | D:8      | Reached skill level 4 in Conjurations
  8818 | D:8      | Reached skill level 4 in Hexes
  8818 | D:8      | Reached skill level 4 in Summonings
  8818 | D:8      | Reached skill level 4 in Necromancy
  8818 | D:8      | Reached skill level 4 in Translocations
  8818 | D:8      | Reached skill level 4 in Transmutations
  8818 | D:8      | Reached skill level 4 in Fire Magic
  8818 | D:8      | Reached skill level 4 in Ice Magic
  8818 | D:8      | Reached skill level 4 in Air Magic
  8818 | D:8      | Reached skill level 4 in Earth Magic
  8818 | D:8      | Reached skill level 4 in Poison Magic
  8820 | D:8      | Noticed a two-headed ogre
  8829 | D:8      | Killed a two-headed ogre
  8830 | D:8      | Reached skill level 5 in Short Blades
  8830 | D:8      | Reached skill level 5 in Long Blades
  8830 | D:8      | Reached skill level 5 in Axes
  8830 | D:8      | Reached skill level 5 in Maces & Flails
  8830 | D:8      | Reached skill level 5 in Staves
  8830 | D:8      | Reached skill level 5 in Ranged Weapons
  8830 | D:8      | Reached skill level 5 in Throwing
  8830 | D:8      | Reached skill level 5 in Dodging
  8830 | D:8      | Reached skill level 5 in Stealth
  8830 | D:8      | Reached skill level 5 in Unarmed Combat
  8830 | D:8      | Reached skill level 5 in Spellcasting
  8830 | D:8      | Reached skill level 5 in Evocations
  8830 | D:8      | Reached XP level 10. HP: 78/82 MP: 17/17
  8863 | D:8      | Reached skill level 7 in Polearms
  8922 | D:8      | Found a bloodstained altar of Trog.
  8931 | D:8      | Reached **** piety under Cheibriados
  8993 | D:8      | Found a runed translucent gate.
  8994 | D:8      | Found a runed translucent gate.
  8995 | D:8      | Found a runed translucent gate.
  9202 | D:8      | Found a viscous altar of Jiyva.
  9202 | D:8      | Noticed serion's ghost (amateur DrBe)
  9467 | D:9      | Reached skill level 6 in Invocations
  9497 | D:9      | Found a staircase to the Lair.
  9621 | D:9      | Found a transporter.
  9944 | D:9      | Reached ***** piety under Cheibriados
 10393 | D:9      | You fall into a shaft and drop 3 floors!
 10394 | D:12     | Noticed a two-headed ogre
 10412 | D:12     | Killed a two-headed ogre
 10428 | D:12     | HP: 3/82 [komodo dragon (7)]
 10429 | D:12     | Mangled by a komodo dragon

Vanquished Creatures
  2 two-headed ogres
  A shadow (D:9)
  Sigmund (D:5)
  4 yaks (D:9)
  3 wyverns
  An acid dragon (D:9)
  A water moccasin (D:9)
  2 ice beasts
  3 orc warriors
  A sky beast (D:8)
  3 ogres
  A black bear (D:5)
  3 phantoms
  4 centaurs
  3 kobold brigands
  3 bullfrogs (D:8)
  A gnoll sergeant (D:8)
  2 scorpions
  3 wights (D:7)
  3 howler monkeys (D:9)
  3 hounds
  5 orc priests
  3 gnoll boudas
  4 jellies
  An iguana (D:4)
  8 orc wizards
  Natasha (thrice) (D:3)
  Robin (D:4)
  18 gnolls
  3 adders
  3 river rats (D:3)
  A white imp (D:6)
  2 ufetubi
  7 worms
  A dart slug (D:5)
  28 orcs
  4 bats
  7 endoplasms
  A giant cockroach (D:4)
  11 goblins
  14 hobgoblins
  8 jackals
  4 quokkas
  3 ball pythons
  3 frilled lizards
  26 kobolds
  2 rats
  A spectral kobold (D:2)
220 creatures vanquished.

Vanquished Creatures (others)
  5 fungi (D:9)
  2 plants (D:9)
7 creatures vanquished.

Grand Total: 227 creatures vanquished

Table legend: (Time is in decaauts)
 A = Elapsed time spent in this place.
 B = Non-inter-level travel time spent in this place.
 C = Inter-level travel time spent in this place.
 D = Time resting spent in this place.
 E = Time spent auto-exploring this place.
 F = Levels seen in this place.
 G = Mean time per level.
                   A        B        C        D        E       F      G
               +--------+--------+--------+--------+--------+-----+--------+
         Total |  12144 |  11686 |    458 |   2435 |   7304 |  11 | 1104.0 |
       Dungeon |  12032 |  11596 |    436 |   2435 |   7221 |  10 | 1203.2 |
        Temple |    112 |     90 |     22 |      0 |     83 |   1 |  112.0 |
               +--------+--------+--------+--------+--------+-----+--------+

Top non-repeatable levels by time:
     D:3: 1997 daAuts
     D:9: 1529 daAuts
     D:6: 1511 daAuts
     D:7: 1340 daAuts
     D:2: 1302 daAuts
     D:4: 1247 daAuts
     D:8: 1144 daAuts
     D:5: 1053 daAuts
     D:1: 866 daAuts
  Temple: 112 daAuts
    D:12: 39 daAuts

Table legend:
 A = Non-vault XP
 B = Vault XP
 C = Vault XP percentage of total XP
 D = Non-vault monster count
 E = Vault monster count
 F = Vault count percentage of total count
                 A         B        C        D         E       F
            +---------+---------+-------+---------+---------+-------
      Total |    7322 |    1408 |  16.1 |     183 |      37 |  16.8
            +---------+---------+-------+---------+---------+-------
        D:1 |      10 |       0 |   0.0 |       6 |       0 |   0.0
        D:2 |      64 |       1 |   1.5 |      19 |       1 |   5.0
        D:3 |     240 |     122 |  33.7 |      15 |      16 |  51.6
        D:4 |     303 |      27 |   8.2 |      24 |       7 |  22.6
        D:5 |     593 |     214 |  26.5 |      13 |       1 |   7.1
        D:6 |     930 |       0 |   0.0 |      27 |       0 |   0.0
        D:7 |    1049 |       0 |   0.0 |      21 |       0 |   0.0
        D:8 |    1699 |      11 |   0.6 |      25 |       6 |  19.4
        D:9 |    1593 |    1030 |  39.3 |      32 |       5 |  13.5
       D:12 |     841 |       3 |   0.4 |       1 |       1 |  50.0
            +---------+---------+-------+---------+---------+-------
